cohdb
Replays
Latest Replays
All Replays
Popular Replays
Top Player Replays
Match Explorer
How It Works
Community
CoH3 Stats
Reddit
Sign in to upload your games and track your stats! →
Sign in with Steam
Match 43352443
Unlisted
Match 43352443
Overview
Messages
Build Orders
End
Construct Section Command Post
Vickers Machine Gun Team
Selects Canadian Shock Battlegroup
Dingo Light Scout Car
Infantry Section
Infantry Section
Selects Attacking Spirit
Selects Canadian Shock Section
Canadian Shock Section
Construct Platoon Command Post
Canadian Shock Section
Selects Incendiary Munitions
Infantry Training
Humber Armored Car
Construct Company Command Post
Selects Pyrotechnics
Selects Smoke Operation
Crusader II Medium Tank
Unlock M3 Grant Medium Tanks
B1t
SkyCurv
Ghost
BOOM YOU
Serier13
妖杨
lazhadeg
Mitking
0
0
Comments
sign in to comment!
No comments posted yet!